 Dungeon Crawl Stone Soup version 0.29-a0-841-g116ddc6ace (webtiles) character file.

Game seed: 13448186737981563617

47 xian the Shooter (level 3, 0/26 HPs)
             Began as a Human Arcane Marksman on July 14, 2022.
             Slain by a rat (2 damage)
             ... on level 2 of the Dungeon.
             The game lasted 00:03:37 (1184 turns).

xian the Shooter (Human Arcane Marksman)            Turns: 1184, Time: 00:03:38

Health: 0/26       AC:  5    Str: 10    XL:     3   Next: 97%
Magic:  4/4        EV: 12    Int: 13    God:
Gold:   80         SH:  0    Dex: 15    Spells: 3/4 levels left

rFire   . . .      SeeInvis .   l - +0 short sword
rCold   . . .      Faith    .   (no shield)
rNeg    . . .      Spirit   .   c - +0 robe
rPois   .          Reflect  .   f - +0 helmet
rElec   .          Harm     .   (no cloak)
rCorr   .          Rampage  .   i - +1 pair of gloves
Will    .....                   (no boots)
Stlth   +.........              (no amulet)
HPRegen 0.08/turn               (no ring)
MPRegen 0.09/turn               (no ring)

@: no status effects
A: no striking features
a: no special abilities


You were on level 2 of the Dungeon.
You visited 1 branch of the dungeon, and saw 2 of its levels.

You collected 80 gold pieces.

Inventory:

Hand Weapons
 a - a +0 sling
 l - a +0 short sword (weapon)
Armour
 c - a +0 robe (worn)
 f - a +0 helmet (worn)
 i - a +1 pair of gloves (worn)
Scrolls
 b - a scroll of vulnerability
 g - a scroll of teleportation
Potions
 d - a potion of flight
 e - a potion of mutation
 h - a potion of lignification
 j - a potion of invisibility {unknown}


   Skills:
 + Level 1.2 Fighting
 + Level 0.2 Short Blades
 + Level 3.4 Ranged Weapons
 + Level 2.0 Dodging
 + Level 0.1 Stealth
 + Level 1.1 Spellcasting
 + Level 3.2 Hexes


You had 3 spell levels left.
You knew the following spells:

 Your Spells              Type           Power      Damage    Failure   Level
a - Slow                  Hex            36%        N/A       8%          1

Your spell library contained the following spells:

 Spells                   Type           Power      Damage    Failure   Level
 Dazzling Flash           Conj/Hex       8%         N/A       41%         3
 Inner Flame              Hex/Fire       4%         N/A       41%         3
 Portal Projectile        Hex/Tloc       8%         N/A       41%         3
 Cause Fear               Hex            4%         N/A       58%         4
 Iskenderun's Mystic Bla  Conj/Tloc      0%         2d3       95%         4
 Starburst                Conj/Fire      0%         6d3       100%        6


Dungeon Overview and Level Annotations

Branches:
Dungeon (2/15)

Altars:

Shops:
D:1 (


Message History

Natasha claws you.
* * * LOW HITPOINT WARNING * * *
You closely miss Natasha.
Natasha is heavily wounded.
Natasha closely misses you.
You hit Natasha.
Natasha is severely wounded.
Natasha closely misses you.
You hit Natasha.
Natasha is severely wounded.
The iron imp closely misses you. Natasha misses you.
You completely miss Natasha.
Natasha is severely wounded.
The iron imp closely misses you. Natasha claws you.
* * * LOW HITPOINT WARNING * * *
You hit Natasha.
You kill Natasha!
You hear a faint echoing roar filled with hate and sorrow!
The iron imp disappears in a puff of smoke!
A goblin and a frilled lizard come into view.
The frilled lizard hisses angrily.
A rat comes into view.
The frilled lizard closely misses you. The frilled lizard closely misses you.
The frilled lizard bites you but does no damage.
The frilled lizard barely misses you. The frilled lizard bites you.
* * * LOW HITPOINT WARNING * * *
The frilled lizard attacks as you move away!
The frilled lizard bites you.
* * * LOW HITPOINT WARNING * * *
You hit the frilled lizard.
You kill the frilled lizard!
The goblin shouts!
You see here a frilled lizard corpse.
The rat closely misses you.
You closely miss the rat. The rat bites you but does no damage.
You hit the rat but do no damage. The rat barely misses you. The rat bites you.
You die...

.. .. #...# #......#
..# ##.#####...#
#......#
..............##
####.###
...##..#####.#
#.######
#.....#####.####
#.......
..#..............###
#######.
........##.........#
#. #..†....rg...# #.
#.(##...##@.#.####
##
##.##.............
.###........##### ..
#.#.<##..# g#.
#........# .##.
##.....#.# #. #.
#.....#.# #.....#.#
#.)...#.#


You could see a goblin and a rat.

Vanquished Creatures
  Natasha (D:2)
  A dart slug (D:2)
  2 bats
  An endoplasm (D:2)
  A giant cockroach (D:1)
  A goblin (D:1)
  4 hobgoblins
  A quokka (D:2)
  3 frilled lizards
  5 kobolds
  4 rats (D:1)
24 creatures vanquished.

Notes
Turn   | Place    | Note
-------+----------+-------------------------------------------
     0 | D:1      | xian the Human Arcane Marksman began the quest for the Orb.
     0 | D:1      | Reached XP level 1. HP: 15/15 MP: 2/2
   201 | D:1      | Reached XP level 2. HP: 21/21 MP: 3/3
   623 | D:1      | Found Furug's Weapon Shoppe.
   912 | D:2      | Reached XP level 3. HP: 26/26 MP: 4/4
   940 | D:2      | Noticed Natasha
  1153 | D:2      | Killed Natasha
  1171 | D:2      | HP: 1/26 [frilled lizard (1)]
  1184 | D:2      | Slain by a rat

Illustrated notes

Levels and vault maps discovered:
D:1:      lemuel_arrival_room, layout_basic, serial_shops, shop
D:2:      layout_loops_cross, basic_altar, minmay_split_cup_large, uniq_natasha

Skill      XL: |  1  2 |
---------------+-------+-----
Ranged Weapons | 3 |  3.4
Fighting       | |  1.2
Short Blades   | |  0.2
Dodging        | |  2.0
Stealth        | |  0.1
Spellcasting   | |  1.1
Hexes          | |  3.2

Action                   || total
-------------------------++-------
Melee: Short sword       ||    19
 Fire: Sling             ||    72
 Cast: Slow              ||     6
  Use: Scroll            ||     8
Armor: Robe              ||    17
Dodge: Dodged            ||    44

Table legend: (Time is in decaauts)
 A = Elapsed time spent in this place.
 B = Non-inter-level travel time spent in this place.
 C = Inter-level travel time spent in this place.
 D = Time resting spent in this place.
 E = Time spent auto-exploring this place.
 F = Levels seen in this place.
 G = Mean time per level.
                   A        B        C        D        E       F      G
               +--------+--------+--------+--------+--------+-----+--------+
         Total |   1204 |   1166 |     38 |      0 |    891 |   2 |  602.0 |
       Dungeon |   1204 |   1166 |     38 |      0 |    891 |   2 |  602.0 |
               +--------+--------+--------+--------+--------+-----+--------+

Top non-repeatable levels by time:
     D:1: 730 daAuts
     D:2: 473 daAuts
